[Event "NSV chessemy IM 2022"]
[Site "Braunschweig"]
[Date "2022.08.01"]
[Round "3.2"]
[White "von Mettenheim, Johannes"]
[Black "Knuedel, Torben"]
[Result "1-0"]
[ECO "E06"]
[WhiteElo "2253"]
[BlackElo "2210"]
[Annotator "TA"]
[PlyCount "105"]
[EventDate "2022.07.30"]
[EventType "tourn"]
[EventCountry "GER"]
[SourceTitle "playchess.com"]
[Source "ChessBase"]
[SourceQuality "1"]
[TimeControl "40/5400+30:1800+30"]

1. d4 Nf6 2. c4 e6 3. g3 d5 4. Bg2 Be7 5. Nf3 O-O 6. Qb3 {[%emt 0:00:12] E06: Closed Catalan: Early deviations.} a6 7. Bf4 Nc6 8. Nbd2 {[%emt 0:02:39] The position is equal.} dxc4 9. Qxc4 Nd5 10. O-O Nxf4 11. gxf4 {[%emt 0:00:07] [#]} Bd7 $146 ({Predecessor:} 11... Bd6 12. e3 Bd7 13. Qb3 Rb8 14. Rac1 Ne7 15. Ne5 Bb5 16. Rfe1 Qe8 17. Kh1 Ba4 {½-½ (48) Dizdarevic,E (2425)-Schulz,K Arandjelovac 1985}) 12. Ne5 (12. Rfc1 $11 {keeps the balance.}) 12... Nxe5 $17 13. fxe5 Bb5 14. Qc3 Bxe2 15. Rfe1 Bh5 16. Bxb7 Rb8 17. Bc6 Bb4 18. Qe3 f5 19. exf6 (19. f4 $17) 19... Rxf6 $19 (19... Qxf6 20. a3 Bd6 21. Nc4 $17) 20. a3 Bd6 {[%emt 0:06:46] Hoping for ...Bf4. This bishop pair is nice.} 21. Ne4 Rg6+ 22. Ng3 Qh4 (22... Rxb2 23. Bg2 Rh6 24. Rab1 Rxb1 25. Rxb1 $17) 23. Qe4 Qf6 (23... Bg4 $19 24. b4 Rf8) 24. Bd7 $17 Bg4 {[%emt 0:10:19] And now ...Rf8 would win.} 25. b4 $2 (25. d5 $17) 25... Rf8 $19 26. Ra2 Qe7 $40 {[%emt 0:01:28][%mdl 128] Black has strong attack.} 27. Bc6 Qh4 (27... Bf3 28. Qc2) 28. Qg2 Bh3 29. Qe4 Rf4 30. Qd3 {[%emt 0:02:51] [#]} (30. Qe3 {is more resistant.}) 30... Rxd4 (30... Rxf2 $142 $3 31. Kxf2 (31. Rxf2 $2 Bxg3 32. hxg3 Rxg3+ 33. Qxg3 Qxg3+ 34. Bg2 Bxg2 $19) 31... Bf5) 31. Qxa6 h5 (31... Bxg3 $19 32. fxg3 Rxg3+ $1 33. Kh1 Rgd3) 32. Qc8+ $2 (32. Qa8+ $17 Bf8 33. Be4) 32... Kh7 33. Rae2 (33. Kh1 $142 Qf4 34. Qa6) 33... Bxg3 34. fxg3 {[%emt 0:00:15] [#]} Rxg3+ $1 35. Kh1 Rgd3 $2 (35... Bg4 36. Qxc7 Rc3) 36. Qxc7 (36. Be4+ Rxe4 $1 ) 36... Rd2 $2 (36... Rc4 $1 $19 37. Rg1 Qd4) 37. Rg1 {[%emt 0:00:53][%mdl 8192] [#]} Rd7 $2 {[%emt 0:01:11] [#]} (37... Qf6 38. Qe5 Qxe5 39. Rxe5 $11) (37... Rg4 $1 $19 {[%cal Rg4g1] ( -> ...Rxg1+)} 38. Be4+ (38. Rxg4 {is a self mate.} Rd1+ 39. Rg1 Rxg1+ 40. Kxg1 Qd4+ 41. Rf2 Qd1+) 38... Kh6) 38. Qe5 (38. Qg3 $1 $16 Qxg3 39. Rxg3 Rxe2 40. Bxd7) 38... Bg4 $11 39. Be4+ Kh8 (39... g6 $11 40. Reg2 (40. Rxd2 Rxd2 41. Qc7+ Kg8 $11) 40... Bf5) 40. Qf4 Qf6 $2 (40... Qd8 $1 $11 {and Black stays safe.} 41. Rxd2 Rxd2) 41. Qxd2 $2 ({Only move:} 41. Qxf6 $18 gxf6 42. Rxd2 Rxd2 43. Rb1) 41... Rxd2 42. Rxd2 Bf3+ 43. Bxf3 Qxf3+ {[%emt 0:00:04][%mdl 4096] Endgame KQ-KRR} 44. Rdg2 $2 {[%emt 0:00:32][%mdl 8192] [#]} (44. Rgg2 $11) 44... h4 $1 $19 {[%emt 0:02:58] White must now prevent ...h3.} 45. h3 Qxh3+ 46. Rh2 Qf3+ 47. Rgg2 g5 48. a4 h3 $4 {[%emt 0:02:54][%mdl 8192] [#]} (48... Kh7 $19 49. a5 Kh6) 49. Rxh3+ $3 {[%emt 0:00:00][%mdl 512] White mates.} Qxh3+ 50. Rh2 Qxh2+ 51. Kxh2 e5 52. a5 e4 53. Kg2 {[%emt 0:00:00] Both players deserved the win here.  Weighted Error Value: White=0.77/Black=0.69} 1-0

[Event "NSV chessemy IM 2022"]
[Site "Braunschweig"]
[Date "2022.08.01"]
[Round "3.3"]
[White "Voege, Tobias"]
[Black "Pubantz, Jan"]
[Result "1-0"]
[ECO "D10"]
[WhiteElo "2272"]
[BlackElo "2269"]
[Annotator "TA"]
[PlyCount "91"]
[EventDate "2022.07.30"]
[EventType "tourn"]
[EventCountry "GER"]
[SourceTitle "playchess.com"]
[Source "ChessBase"]
[SourceQuality "1"]
[TimeControl "40/5400+30:1800+30"]

1. d4 d5 2. c4 dxc4 3. e4 b5 4. a4 c6 5. Nc3 b4 6. Na2 Nf6 7. e5 Nd5 8. Bxc4 e6 9. Nf3 Be7 {[%emt 0:00:19] Prevents Bg5. D10: Slav Defence: 3 cxd5 (without early Nf3) and 3 Nc3.} 10. O-O a5 11. Be3 {[%emt 0:03:19] [#]} Nd7 $146 {[%emt 0:08:13] The position is equal.} ({Predecessor:} 11... O-O 12. Nc1 Bb7 13. Nb3 Nxe3 14. fxe3 Nd7 15. Bd3 c5 16. Rc1 cxd4 17. exd4 Nb6 {0-1 (35) Filipenko,A (2351)-Guliyev,N (2545) Moscow 2012}) 12. Nc1 N7b6 13. Be2 Nxe3 14. fxe3 c5 15. Nb3 (15. dxc5 $11 Qxd1 16. Rxd1 Bxc5 17. Nd4) 15... cxd4 (15... c4 $17 16. Nc5 O-O) 16. Bb5+ Bd7 17. Nbxd4 {[%emt 0:00:50] [#] Hoping for Nc6. Pair of Knights!} O-O 18. Qe2 Bc5 19. Nb3 Bxb5 20. axb5 Qd5 21. Nxc5 Qxc5 22. Rfc1 {[%emt 0:02:14] Against Qc4} Qe7 23. Rc6 Qa7 24. Kf2 a4 25. Qc2 Nd5 26. Nd4 (26. b6 $2 Nxb6 27. Qc5 Nd5 28. Qxa7 Rxa7 $17) 26... f6 (26... Qb8 $15 {stays ahead.} 27. Rd6 a3) 27. exf6 {[%emt 0:03:46] White is more active.} (27. Kg1 $16) 27... Rxf6+ $11 28. Kg1 Nxe3 29. Qe4 (29. Rc8+ $1 $14 Rf8 30. Rxf8+ Rxf8 31. Qe4) 29... Rd8 $2 (29... a3 $1 $11 {and Black stays safe.} 30. Ra6 (30. Qxe3 axb2 31. Re1 Qa2 $17) 30... Raf8 31. Qxe3 (31. Rxa7 $2 Rf1+ 32. Rxf1 Rxf1#) 31... Qf7) 30. b6 $18 (30. Qxe3 Rxd4 31. Rxe6 Rxe6 32. Qxe6+ Qf7 33. Qc8+ Qf8 34. Qxf8+ Kxf8 $14) (30. Nxe6 Re8 31. Ra6 Qf7 32. Qxe3 Rfxe6 33. Rxe6 Rxe6 $11) 30... Qb7 31. Qxe3 Rxd4 32. Rxe6 (32. Qxd4 Qxc6 33. Qxb4 Rf8 $11) 32... Rd8 33. Rxf6 gxf6 {[%emt 0:00:01][%mdl 4096] Endgame KQR-KQR} 34. Qe6+ ({Less strong is} 34. Rxa4 Qd5 35. Ra1 (35. Rxb4 $2 Qd1+ 36. Kf2 Rd2+ 37. Kg3 Rd3 $19) 35... Kh8 $18) 34... Kg7 $2 (34... Qf7 35. Qg4+ Qg7 36. Qxg7+ Kxg7 37. Rxa4 Rb8 38. Rxb4 Rb7) 35. Qg4+ $2 (35. Rxa4 $18 {is more deadly. Ra7 is the strong threat.} Ra8 36. Rxb4) 35... Kh8 36. Qe6 ({Not} 36. Rxa4 Qxb6+ 37. Kh1 Qc6 $17) (36. Qxb4 $16 Rb8 37. Rxa4) 36... Kg7 $1 37. Rf1 Qf7 38. Qg4+ Kh8 39. Qxb4 Qb3 (39... Rg8 $142 40. Qd4 Rg6) 40. Qxb3 axb3 41. Rxf6 {[%emt 0:03:17] [#] Intending Rf7 and mate. KR-KR} Rb8 42. Kf2 (42. Rc6 $142 Kg7 43. Kf2) 42... Kg7 43. Rc6 {[%emt 0:00:08] Ke3 would kill now.} Kf7 44. Ke3 {[%emt 0:00:07] Threatening mate with Kd4.} Ke8 45. Kd4 h5 46. Kc5 {[%emt 0:00:31] Weighted Error Value: White=0.51/Black=0.46} 1-0

[Event "NSV chessemy IM 2022"]
[Site "Braunschweig"]
[Date "2022.08.01"]
[Round "3.4"]
[White "Chennaoui, Yasin"]
[Black "Sriram, Jha"]
[Result "1/2-1/2"]
[ECO "B51"]
[WhiteElo "2127"]
[BlackElo "2361"]
[Annotator "TA"]
[PlyCount "35"]
[EventDate "2022.07.30"]
[EventType "tourn"]
[EventCountry "GER"]
[SourceTitle "playchess.com"]
[Source "ChessBase"]
[SourceQuality "1"]
[TimeControl "40/5400+30:1800+30"]

1. Nf3 c5 2. e4 d6 3. Nc3 Nf6 4. Bb5+ Nbd7 5. O-O e5 6. a4 {[%emt 0:09:27] B51: Sicilian: Moscow Variation (3 Bb5+) without 3...Bd7.} Be7 7. d3 O-O 8. Ne1 {[%emt 0:21:16] [#] White has an edge.} Nb8 $146 ({Predecessor:} 8... a6 9. Bc4 b6 10. Nd5 Nxd5 11. Bxd5 Rb8 12. f4 Nf6 13. Bb3 b5 14. Nf3 Qc7 15. fxe5 dxe5 16. axb5 axb5 {½-½ (34) Kassel,W (1879)-Wallner,D (2145) Graz 2015}) 9. f4 Bg4 10. Nf3 exf4 11. Bxf4 Nc6 12. h3 Bxf3 13. Qxf3 ({Of course not} 13. gxf3 d5 $11) 13... Nd4 14. Qf2 d5 {[%emt 0:05:17] Prevents Bc4.} 15. exd5 {[%emt 0:04:34] Black must now prevent Bc4.} Nxb5 16. axb5 {[%emt 0:02:36] Strongly threatening Rae1.} Nxd5 17. Nxd5 Qxd5 18. Qf3 {[%emt 0:01:00] A balanced but interesting game.  Weighted Error Value: White=0.09 (flawless) /Black=0.05 (flawless)} 1/2-1/2

[Event "NSV chessemy IM 2022"]
[Site "Braunschweig"]
[Date "2022.08.01"]
[Round "3.5"]
[White "Fischer, Daniel"]
[Black "Sumets, Andrey"]
[Result "1/2-1/2"]
[ECO "B12"]
[WhiteElo "2351"]
[BlackElo "2542"]
[Annotator "TA"]
[PlyCount "57"]
[EventDate "2022.07.30"]
[EventType "tourn"]
[EventCountry "GER"]
[SourceTitle "playchess.com"]
[Source "ChessBase"]
[SourceQuality "1"]
[TimeControl "40/5400+30:1800+30"]

1. e4 c6 2. d4 d5 3. e5 Bf5 4. Nf3 e6 5. Be2 Ne7 6. O-O Ng6 {[%emt 0:00:14] 6...h6 is the modern continuation. B12: Caro-Kann: Advance Variation.} (6... c5 $5) 7. Ne1 {[%emt 0:04:12] [#] Black must now prevent g4.} h5 8. c3 c5 {[%emt 0:06:09] White has an edge.} 9. Nc2 Nc6 10. Ne3 {[%emt 0:10:42] [#]} Be4 $146 ({Predecessor:} 10... Bxb1 11. Rxb1 cxd4 12. cxd4 Qb6 13. Nc2 h4 14. Be3 Nge7 15. b4 Nf5 16. b5 Na5 {1-0 (41) Srija,S (2255)-Villanueva,N (2133) Abu Dhabi 2018}) 11. Nd2 cxd4 12. cxd4 Nf4 13. Nxe4 {[%emt 0:02:26] [#] Hoping for Nc3.} dxe4 (13... Nxe2+ $11 14. Qxe2 Nxd4) 14. Bb5 $14 Rc8 15. Nc2 Nd3 16. Bxd3 exd3 17. Qxd3 Nxe5 18. Qb5+ {[%emt 0:00:16] The position is equal.} Nd7 19. Ne3 Qb6 20. Qa4 Qa6 21. Qxa6 bxa6 22. Bd2 Nb6 23. Rac1 Rd8 24. Ba5 Rxd4 25. Rc6 Rd6 26. Rc7 Rd7 27. Rc6 Rd6 28. Rc7 Rd7 29. Rc6 {[%emt 0:00:09] Weighted Error Value: White=0.04 (flawless) /Black=0.05 (flawless)} 1/2-1/2

[Event "NSV chessemy IM 2022"]
[Site "Braunschweig"]
[Date "2022.08.02"]
[Round "4.1"]
[White "Brynell, Stellan"]
[Black "Sumets, Andrey"]
[Result "1/2-1/2"]
[ECO "D45"]
[WhiteElo "2387"]
[BlackElo "2542"]
[Annotator "RC"]
[PlyCount "33"]
[EventDate "2022.07.30"]
[EventType "tourn"]
[EventCountry "GER"]
[SourceTitle "playchess.com"]
[Source "ChessBase"]
[SourceQuality "1"]
[TimeControl "40/5400+30:1800+30"]

1. d4 Nf6 2. Nf3 d5 3. c4 e6 4. Nc3 c6 5. e3 Nbd7 6. Be2 Bd6 7. O-O O-O 8. b3 Ne4 9. Bb2 f5 10. Rc1 Qe7 11. Rc2 a6 12. Qc1 Nxc3 13. Bxc3 Nf6 14. Ne5 Bd7 15. f3 Be8 16. Bd3 Nd7 17. Nxd7 1/2-1/2

[Event "NSV chessemy IM 2022"]
[Site "Braunschweig"]
[Date "2022.08.02"]
[Round "4.2"]
[White "Sriram, Jha"]
[Black "Fischer, Daniel"]
[Result "1/2-1/2"]
[ECO "E46"]
[WhiteElo "2361"]
[BlackElo "2351"]
[Annotator "RC"]
[PlyCount "60"]
[EventDate "2022.07.30"]
[EventType "tourn"]
[EventCountry "GER"]
[SourceTitle "playchess.com"]
[Source "ChessBase"]
[SourceQuality "1"]
[TimeControl "40/5400+30:1800+30"]

1. d4 Nf6 2. c4 e6 3. Nc3 Bb4 4. e3 O-O 5. Nge2 Re8 6. a3 Bf8 7. e4 d5 8. e5 Nfd7 9. h4 c5 10. Bg5 f6 11. exf6 gxf6 12. Bd2 Nc6 13. dxc5 Nxc5 14. Be3 dxc4 15. Nf4 Qxd1+ 16. Rxd1 Ne5 17. Bd4 Rd8 18. Rh3 Ned3+ 19. Nxd3 Rxd4 20. Nxc5 Rxd1+ 21. Kxd1 Bxc5 22. Bxc4 Bxf2 23. Ne4 Bd4 24. Rd3 Be5 25. Rd8+ Kf7 26. b4 Bc7 27. Rh8 Kg7 28. Re8 Kf7 29. Rh8 Kg7 30. Re8 Kf7 1/2-1/2

[Event "NSV chessemy IM 2022"]
[Site "Braunschweig"]
[Date "2022.08.02"]
[Round "4.3"]
[White "Pubantz, Jan"]
[Black "Chennaoui, Yasin"]
[Result "1-0"]
[ECO "A55"]
[WhiteElo "2269"]
[BlackElo "2127"]
[Annotator "RC"]
[PlyCount "103"]
[EventDate "2022.07.30"]
[EventType "tourn"]
[EventCountry "GER"]
[SourceTitle "playchess.com"]
[Source "ChessBase"]
[SourceQuality "1"]
[TimeControl "40/5400+30:1800+30"]

1. d4 d6 2. Nf3 Nd7 3. c4 e5 4. Nc3 Ngf6 5. e4 Be7 6. Be2 O-O 7. O-O c6 8. Qc2 a6 9. h3 b5 10. Be3 b4 11. Na4 c5 12. d5 Ne8 13. Bd3 g6 14. Kh2 Ng7 15. Bh6 Nf6 16. g4 Kh8 17. Rg1 Ng8 18. Be3 f5 19. gxf5 gxf5 20. Rxg7 Kxg7 21. exf5 Ra7 22. Rg1+ Kh8 23. Ng5 Bxg5 24. Bxg5 Nf6 25. f4 e4 26. Bxe4 Re7 27. Bd3 Bd7 28. b3 Rg7 29. Re1 Re7 30. Rg1 Re3 31. Nb2 Qe7 32. Nd1 Re1 33. Rg2 Qf7 34. Nf2 h6 35. Bxh6 Rg8 36. Bg5 Re3 37. Qb2 Rf8 38. Bxf6+ Qxf6 39. Qxf6+ Rxf6 40. Ng4 Rxd3 41. Nxf6 Rxh3+ 42. Kxh3 Bxf5+ 43. Kh2 Bh7 44. Nxh7 Kxh7 45. f5 a5 46. f6 a4 47. bxa4 b3 48. axb3 Kh6 49. f7 Kh7 50. a5 Kh6 51. f8=Q+ Kh5 52. Qh8# 1-0

[Event "NSV chessemy IM 2022"]
[Site "Braunschweig"]
[Date "2022.08.02"]
[Round "4.4"]
[White "Knuedel, Torben"]
[Black "Voege, Tobias"]
[Result "1-0"]
[ECO "C10"]
[WhiteElo "2210"]
[BlackElo "2272"]
[Annotator "RC"]
[PlyCount "81"]
[EventDate "2022.07.30"]
[EventType "tourn"]
[EventCountry "GER"]
[SourceTitle "playchess.com"]
[Source "ChessBase"]
[SourceQuality "1"]
[TimeControl "40/5400+30:1800+30"]

1. e4 e6 2. d4 d5 3. Nc3 Nc6 4. Bf4 Bb4 5. Nge2 dxe4 6. a3 Ba5 7. b4 Bb6 8. Na4 Nf6 9. c4 Bxd4 10. Nxd4 Nxd4 11. Be5 Nc6 12. Qxd8+ Kxd8 13. O-O-O+ Bd7 14. Bc3 Kc8 15. Nc5 e5 16. f4 Bg4 17. fxe5 Nd7 18. Nxd7 Bxd1 19. e6 fxe6 20. Nc5 Bg4 21. b5 Nd8 22. h3 Bf5 23. g4 Bg6 24. h4 h5 25. Bxg7 Rg8 26. gxh5 Bxh5 27. Rg1 e3 28. Bh3 e2 29. Kd2 Re8 30. Rg5 Bf3 31. Rg3 Bh5 32. Bg2 Nf7 33. Bxb7+ Kb8 34. Bf6 Nd6 35. Ba6 Nxc4+ 36. Ke1 Nb6 37. Rg7 Rf8 38. Nxe6 Re8 39. Be5 Nd5 40. Rxc7 Ne3 41. Rc8# 1-0

[Event "NSV chessemy IM 2022"]
[Site "Braunschweig"]
[Date "2022.08.02"]
[Round "4.5"]
[White "Colbow, Collin"]
[Black "von Mettenheim, Johannes"]
[Result "1/2-1/2"]
[ECO "B11"]
[WhiteElo "2325"]
[BlackElo "2253"]
[Annotator "RC"]
[PlyCount "68"]
[EventDate "2022.07.30"]
[EventType "tourn"]
[EventCountry "GER"]
[SourceTitle "playchess.com"]
[Source "ChessBase"]
[SourceQuality "1"]
[TimeControl "40/5400+30:1800+30"]

1. e4 c6 2. Nf3 d5 3. Nc3 dxe4 4. Nxe4 Nf6 5. Qe2 Nxe4 6. Qxe4 Nd7 7. Bc4 Nf6 8. Ne5 e6 9. Qe2 b5 10. Bd3 Qc7 11. a4 Bd6 12. Nxc6 b4 13. Nd4 a6 14. Nf5 Bb7 15. Nxd6+ Qxd6 16. O-O h5 17. Qe3 Rd8 18. b3 Nd5 19. Qe4 h4 20. Bb2 h3 21. g3 Rd7 22. Qe5 Qxe5 23. Bxe5 f6 24. Bb2 Ne7 25. f4 Kf7 26. Rae1 Rc8 27. Rc1 Rcd8 28. Rce1 Rxd3 29. cxd3 Rxd3 30. Re3 Rxd2 31. Rf2 Rd1+ 32. Rf1 Rd2 33. Rf2 Rd1+ 34. Rf1 Rd2 1/2-1/2

[Event "NSV chessemy IM 2022"]
[Site "Braunschweig"]
[Date "2022.08.04"]
[Round "6.1"]
[White "Brynell, Stellan"]
[Black "Sriram, Jha"]
[Result "1/2-1/2"]
[ECO "D13"]
[WhiteElo "2387"]
[BlackElo "2361"]
[Annotator "TA"]
[PlyCount "35"]
[EventDate "2022.07.30"]
[EventType "tourn"]
[EventCountry "GER"]
[SourceTitle "playchess.com"]
[Source "ChessBase"]
[SourceQuality "1"]
[TimeControl "40/5400+30:1800+30"]

1. d4 d5 2. Nf3 Nf6 3. c4 c6 4. cxd5 cxd5 5. Nc3 Nc6 6. Bf4 a6 7. Ne5 e6 8. e3 Nxe5 9. Bxe5 Bd6 {[%emt 0:00:49] D13: Slav Defence: Exchange variation without ...Bf5.} 10. Bd3 O-O 11. Bxd6 Qxd6 {[%emt 0:00:07] [#] An uneventful encounter.} {Predecessor:} 12. f4 $146 b5 13. O-O Bb7 14. a4 b4 15. Na2 a5 16. Nc1 Ba6 17. Rf2 Rfc8 18. Nb3 {1-0 (35) Milosevic,A (2272)-Mickovic,S (2102) Serbia 2017} 1/2-1/2

[Event "NSV chessemy IM 2022"]
[Site "Braunschweig"]
[Date "2022.08.04"]
[Round "6.2"]
[White "Pubantz, Jan"]
[Black "Sumets, Andrey"]
[Result "0-1"]
[ECO "E39"]
[WhiteElo "2269"]
[BlackElo "2542"]
[Annotator "TA"]
[PlyCount "106"]
[EventDate "2022.07.30"]
[EventType "tourn"]
[EventCountry "GER"]
[SourceTitle "playchess.com"]
[Source "ChessBase"]
[SourceQuality "1"]
[TimeControl "40/5400+30:1800+30"]

1. d4 Nf6 2. c4 e6 3. Nc3 Bb4 4. Qc2 c5 5. dxc5 O-O 6. Nf3 Bxc5 7. Bg5 Be7 {[%emt 0:02:12] The main line 7...Be7 scores better than 7...Nc6.} 8. e3 b6 {[%emt 0:01:48] E39: Nimzo-Indian: Classical: 4...c5 5 dxc5 0-0.} 9. Be2 Bb7 10. O-O d6 {[%emt 0:21:28] White has an edge.} 11. Rfd1 Nbd7 12. Rac1 a6 13. b4 Qc7 14. Qb3 Rac8 15. Nd4 Ne5 {[%emt 0:02:31][%cal Re5c4] [#]} 16. f3 $146 (16. b5 {seems wilder.} Rfd8 17. bxa6 Bxa6 18. Ndb5) ({Predecessor:} 16. Nb1 h6 17. Bh4 Ne4 18. Bg3 Nxg3 19. hxg3 Rfd8 20. f4 Nd7 21. Nc3 Nf6 22. Qb1 {½-½ (40) Pilipenko,S (2122)-Kurochkin,V Lvov 2001}) 16... Ng6 17. e4 Rfe8 ({Black should try} 17... d5 $11 18. exd5 (18. cxd5 Ng4 $15) 18... Qe5) 18. Be3 Qb8 19. Bf2 Bd8 20. Bf1 Bc7 21. g3 (21. b5 $5 ) 21... h5 22. Bg2 ({White should play} 22. b5 $14) 22... h4 $11 23. b5 ({Of course not} 23. gxh4 d5 24. cxd5 exd5 $15) 23... hxg3 24. hxg3 a5 25. Nc6 Qa8 26. Rc2 (26. Qb2 $16) 26... Ne7 27. Ne2 (27. Nxe7+ $14 Rxe7 28. Rcd2) 27... Nxc6 28. bxc6 Bxc6 29. Nd4 Nd7 30. Nb5 Nc5 31. Nxc7 Rxc7 32. Bxc5 dxc5 33. Qxb6 Rec8 34. Rcd2 Ba4 35. Rb1 Be8 36. Qd6 (36. Kf2 $11) 36... Rd7 $15 37. Qf4 e5 38. Qe3 Rd4 39. Bh3 Rcd8 $36 {[%emt 0:00:14][%mdl 2048] Black fights for an advantage.} 40. Rh2 Qa6 {[%emt 0:01:41] [#] And now ...Rd1+ would win.} 41. Bf1 Qg6 {[%emt 0:01:02] Inhibits Qg5.} 42. Kf2 ({Better is} 42. g4 $15) 42... Rd2+ $17 43. Be2 Qd6 {[%emt 0:00:35] Black is more active.} 44. Rhh1 {[%emt 0:13:19] Now White is beyond hope.} (44. Rbh1 $15 f6 45. f4) 44... Rxa2 $19 45. Rhd1 $2 (45. Ra1 Rc2 46. Rhc1 (46. Rxa5 Qd4 $17) 46... Rxc1 47. Rxc1) 45... Qxd1 $1 46. Rxd1 Rxd1 47. Qxc5 Rdd2 48. f4 Rxe2+ 49. Kf3 Rf2+ 50. Kg4 Bd7+ 51. f5 Rae2 52. Kg5 {[%emt 0:03:24] [#]} Rxe4 $1 53. g4 Rff4 {[%emt 0:00:57] Weighted Error Value: White=0.57/Black=0.12 (very precise)} 0-1

[Event "NSV chessemy IM 2022"]
[Site "Braunschweig"]
[Date "2022.08.04"]
[Round "6.3"]
[White "Knuedel, Torben"]
[Black "Fischer, Daniel"]
[Result "0-1"]
[ECO "B22"]
[WhiteElo "2210"]
[BlackElo "2351"]
[Annotator "TA"]
[PlyCount "98"]
[EventDate "2022.07.30"]
[EventType "tourn"]
[EventCountry "GER"]
[SourceTitle "playchess.com"]
[Source "ChessBase"]
[SourceQuality "1"]
[TimeControl "40/5400+30:1800+30"]

1. e4 c5 2. Nf3 e6 3. c3 d5 4. exd5 Qxd5 5. Na3 Nf6 6. d4 Nc6 7. Nb5 Qd8 8. dxc5 Bxc5 9. Qxd8+ Kxd8 10. Bg5 Bd7 {[%emt 0:07:46] B22: Sicilian: 2 c3.} 11. Rd1 a6 12. Nd6 Bxd6 {[%emt 0:01:21] The position is equal.} 13. Rxd6 Ke7 14. Rd1 {[%emt 0:01:15] [#]} Rhd8 $146 ({Predecessor:} 14... h6 15. Be3 Rhc8 16. Bc5+ Ke8 17. Be2 Ne5 18. Bd4 Nxf3+ 19. Bxf3 Bc6 20. Bxc6+ Rxc6 21. Bxf6 gxf6 {½-½ (40) Medina,J-Guevara,M (2335) Moscow 1994}) 15. Be2 e5 16. O-O Be6 17. b3 h6 18. Bc1 Nd5 19. Bb2 (19. Bd2 $1 $11 {remains equal.}) 19... Nf4 $17 20. Rde1 Bf5 {[%emt 0:13:54] Black is much more active.} 21. Bd1 f6 {[%emt 0:03:42] And now ...Bd3 would win.} (21... Kf8 $5 22. Bc1 (22. Nxe5 Rxd1 23. Rxd1 Nxe5 $15) 22... Bd3 23. Bxf4 Bxf1 24. Nxe5 Nxe5 25. Bxe5 Bb5 $15) 22. g3 $1 Nd3 {[%emt 0:05:09] Pair of Knights!} 23. Ba3+ Kf7 24. Re3 Bh3 25. Be2 {[%emt 0:01:05] aiming for Rd1.} Bxf1 26. Kxf1 e4 27. Rxe4 Nde5 $36 {[%emt 0:01:23][%mdl 2048] White is under pressure.} 28. Nd4 b5 29. f4 (29. h4 $11) 29... Nxd4 $15 30. cxd4 Nc6 31. Bc5 f5 {[%emt 0:07:05] Prevents Bg4.} 32. Bh5+ {[%emt 0:08:25] [#]} Kg8 $1 ({Reject} 32... g6 $6 33. Bxg6+ Kf6 34. Re3 $11) 33. Re5 Nxd4 (33... Nxe5 $19 34. fxe5 Rac8) 34. b4 $17 Rac8 35. Kg2 {[%emt 0:02:29] [#] White does not recover from this.} (35. h4 $15) 35... Rc6 $1 $19 36. Kh3 (36. Kf2 {keeps fighting.}) 36... g6 37. Bd1 Rd7 38. a4 Kh7 39. axb5 axb5 40. Kh4 $2 (40. Re3) 40... Re6 {[%emt 0:02:12] ...Rxe5 is the strong threat.} 41. Bf8 (41. Bxd4 $142 Rxe5 42. Bxe5 Rxd1 43. Kh3) 41... Rxe5 42. fxe5 {[%emt 0:00:06][%mdl 4096] Endgame KRN-KB} Nc6 43. Bb3 Nxe5 44. Bc5 Nf3+ 45. Kh3 Rd2 {[%emt 0:00:07][%csl Gf3][%cal Rd2h2] Black mates.} 46. g4 f4 47. g5 h5 48. Bg8+ Kxg8 49. Bf2 Nxg5+ {[%emt 0:00:07] Weighted Error Value: White=0.59/Black=0.09 (flawless)} 0-1

[Event "NSV chessemy IM 2022"]
[Site "Braunschweig"]
[Date "2022.08.04"]
[Round "6.4"]
[White "Colbow, Collin"]
[Black "Chennaoui, Yasin"]
[Result "1-0"]
[ECO "B07"]
[WhiteElo "2325"]
[BlackElo "2127"]
[Annotator "TA"]
[PlyCount "71"]
[EventDate "2022.07.30"]
[EventType "tourn"]
[EventCountry "GER"]
[SourceTitle "playchess.com"]
[Source "ChessBase"]
[SourceQuality "1"]
[TimeControl "40/5400+30:1800+30"]

1. e4 {[%emt 0:00:02] Finkel,A} d6 2. d4 Nf6 3. Nc3 e5 4. Nge2 Be7 5. g3 Bg4 (5... O-O $11) 6. Bg2 $14 {[%emt 0:03:39] B07: Pirc Defence: Miscellaneous Systems.} exd4 7. Qxd4 {[%emt 0:01:04] e5 is the strong threat.} Nc6 {[%emt 0:00:08] Against e5} 8. Qe3 {[%emt 0:05:41] [#] White is slightly better.} h5 $146 ({Predecessor:} 8... O-O 9. O-O Qc8 10. Nf4 Re8 11. b3 Bf8 12. Bb2 Ne5 13. h3 Bd7 14. g4 Ng6 {0-1 (40) Smirnov,P (2635)-Bocharov,D (2574) Kazan 2005 CBM 109 [Finkel,A]}) 9. h3 Bd7 10. b3 Nb4 11. Qd2 c6 12. a3 Na6 13. Bb2 Nc5 14. f4 a5 15. O-O (15. O-O-O $16) 15... Ne6 ({Better is} 15... Qc7 $14) 16. Rad1 $16 Qb6+ 17. Kh1 Ng4 (17... O-O-O $142 18. Na4 Qa7) 18. f5 $18 Ng5 {[%emt 0:05:45] [#]} (18... Nc5 {is a better defense.} 19. Nb1 Nf6) 19. Na4 $1 Qe3 20. Bxg7 {[%emt 0:00:51] Chess con chili.} f6 $2 (20... Rh7) 21. Bxh8 Nf2+ {[%emt 0:00:32] [#]} 22. Rxf2 $1 Qxf2 23. Bg7 b5 24. Nac3 {[%emt 0:01:48][%cal Og7f6] Strongly threatening Bxf6!} b4 25. axb4 axb4 26. Na4 Nf3 27. Qf4 Qxe2 28. Qxf3 Qxc2 29. e5 dxe5 30. Nb6 (30. Qxh5+ $142 Kd8 31. Qh8+ Kc7 32. Rxd7+ Kxd7 33. Qxa8 Qb1+ 34. Kh2 e4 35. Nb6+ Kd6 36. Nc8+ Kd5 37. Nxe7+ Kd4 38. Qxc6) 30... Ra7 31. Qxh5+ {[%emt 0:00:07] White mates.} Kd8 32. Qh8+ Kc7 33. Rxd7+ Kxb6 34. Qb8+ Kc5 35. Qxa7+ Kb5 36. Rb7# {[%emt 0:00:35] Weighted Error Value: White=0.11 (very precise) /Black=0.84} 1-0